Map: Acid Plant LE

Players

Lazengann

  • Race: Protoss Protoss
  • Spawn Location: 11:00

Infamous - Winner!

  • Race: Protoss Protoss
  • League: Silver
  • Spawn Location: 5:00

VOD

Have the link to the VOD?

Description

Time

  • Played on: March 13, 2018, 12:31 p.m.
  • Length: 1:36
Show
View Real Time Build Order
Export as new Build Order

Lazengann Protoss 

Build Orders:  

Get SALT Encoding   

  12  0:00  Probe (Chrono Boost)  
  13  0:13  Probe (Chrono Boost)  
  14  0:19  Probe (Chrono Boost)  
  15  0:26  Pylon  
  15  0:44  Probe  
  16  0:56  Probe  
  17  1:03  Pylon  
  17  1:07  Pylon  
  17  1:08  Pylon, Probe  
Show
View Real Time Build Order
Export as new Build Order

Infamous Protoss - Winner!

Build Orders:  

Get SALT Encoding   

  12  0:04  Probe  
  13  0:15  Pylon  
  13  0:17  Probe  
  14  0:29  Probe  
  14  0:34  Gateway  
  15  0:41  Probe  
  16  0:53  Probe, Assimilator  
  17  1:18  Probe  
Tags
 
League
Silver
Matchup
PvP
Replay Pack
Last Remnant (2)
Spawn Locations
Cross Positions
Add a new tag
Caveats
  • Supply blocks, unpowered buildings, or Contaminate may cause inaccurate times.
  • Supply counts are checked every 10 seconds.